 Dungeon Crawl Stone Soup version 0.30-a0-760-g5a9884bb7c (webtiles) character file.

Game seed: 14894989528250134225

16503 kae the Destroyer (level 12, 0/59 HPs)
             Began as a Gargoyle Earth Elementalist on Feb 10, 2023.
             Was an Elder of Vehumet.
             Slain by a minotaur
             ... wielding a +4 broad axe of electrocution
              (34 damage)
             ... in a Gauntlet.
             The game lasted 00:13:35 (11660 turns).

kae the Destroyer (Gargoyle Earth Elementalist)    Turns: 11660, Time: 00:13:36

Health: 0/59       AC: 17    Str: 12    XL:     12   Next: 38%
Magic:  25/25      EV: 21    Int: 21    God:    Vehumet [****..]
Gold:   824        SH:  0    Dex: 10    Spells: 10/30 levels left

rFire   . . .      SeeInvis .    (no weapon)
rCold   . . .      Faith    .    (no shield)
rNeg    + . .      Spirit   .    l - +5 robe of Misfortune {Harm *Corrode *Slow EV+5}
rPois   ∞          Reflect  .    (no helmet)
rElec   +          Harm     +    F - +1 cloak {Will+}
rCorr   .          Rampage  .    (no gloves)
Will    +....      NoTele   +    (no boots)
Stlth   ++                       q - amulet of magic regeneration
HPRegen 0.29/turn                E - +5 ring of evasion
MPRegen 0.59/turn                L - ring of flight

@: flying, studying Ice Magic, invisible
A: sickness immunity, AC +8, negative energy resistance 1, electricity
resistance, torment resistance 1, petrification resistance
a: Renounce Religion


You were in a Gauntlet.
You worshipped Vehumet.
Vehumet was greatly pleased with you.
You visited 3 branches of the dungeon, and saw 13 of its levels.
You also visited: Gauntlet.

You collected 824 gold pieces.


Innate Abilities, Weirdness & Mutations

You are immune to sickness and miasma.
Your stone body is resilient. (AC +8)
You are immune to poison.
You resist negative energy. (rN+)
You are resistant to electric shocks. (rElec)
You are resistant to unholy torment.
You are immune to petrification.


   Skills:
 - Level 1.5 Dodging
 - Level 2.1 Stealth
 + Level 9.6 Spellcasting
 * Level 14.9 Conjurations
 - Level 0.7 Transmutations
 + Level 12.7 Earth Magic


You had 10 spell levels left.
You knew the following spells:

 Your Spells              Type           Power      Damage    Failure   Level
a - Sandblast             Erth           100%       2d20      1%          1
b - Stone Arrow           Conj/Erth      100%       3d13      1%          3
c - Passwall              Tmut/Erth      31%        N/A       1%          2
d - Petrify               Tmut/Erth      38%        N/A       4%          4
e - Fireball              Conj/Fire      20%        3d10      2%          5
f - Lee's Rapid Deconstr  Erth           29%        3d15*     1%          5

Your spell library contained the following spells:

 Spells                   Type           Power      Damage    Failure   Level
 Foxfire                  Conj/Fire      100%       2x1d9     1%          1
 Flame Wave               Conj/Fire      41%        2d11      1%          4
 Sticky Flame             Conj/Fire      41%        2d6       1%          4
 Leda's Liquefaction      Hex/Erth       18%        N/A       4%          4
 Inner Flame              Hex/Fire       10%        N/A       5%          3
 Apportation              Tloc           20%        N/A       7%          1
 Necrotise                Necr           40%        1d6       7%          1
 Slow                     Hex            40%        N/A       7%          1
 Summon Small Mammal      Summ           40%        N/A       7%          1
 Blink                    Tloc           20%        N/A       11%         2
 Starburst                Conj/Fire      20%        6d7       13%         6
 Call Canine Familiar     Summ           10%        N/A       21%         3
 Confusing Touch          Hex            10%        N/A       21%         3
 Portal Projectile        Hex/Tloc       20%        N/A       21%         3
 Vampiric Draining        Necr           10%        2d6       21%         3
 Anguish                  Hex/Necr       5%         N/A       56%         4
 Cause Fear               Hex            5%         N/A       56%         4
 Manifold Assault         Tloc           10%        N/A       56%         4
 Alistair's Intoxication  Tmut/Pois      7%         N/A       85%         5
 Enfeeble                 Hex            5%         N/A       100%        7
 Storm Form               Tmut/Air       5%         N/A       100%        7
 Discord                  Hex            5%         N/A       100%        8

Inventory:

Missiles
 g - 134 stones
 n - 5 curare-tipped darts {=f}
 o - 14 boomerangs
 u - 2 atropa-tipped darts
 w - 3 throwing nets {=f!f}
 y - 31 poisoned darts
 C - 3 silver boomerangs
Armour
 a - a +1 robe
 l - the +5 robe of Misfortune (worn) {Harm *Corrode *Slow EV+5}
   (You found it on level 2 of the Dungeon)

   EV:        It affects your evasion (+5).
   *Corrode:  It may corrode you when you take damage.
   *Slow:     It may slow you when you take damage.
   Harm:      It increases damage dealt and taken.
 F - a +1 cloak of willpower (worn)
   (You took it off Crazy Yiuf on level 6 of the Dungeon)
Magical Staves
 K - a staff of cold {!a}
   (You took it off a kobold brigand on level 8 of the Dungeon)
Jewellery
 q - an amulet of magic regeneration (around neck)
   (You found it on level 7 of the Dungeon)
 A - an amulet of the acrobat
   (You found it on level 1 of the Dungeon)
 E - a +5 ring of evasion (left hand)
   (You took it off a kobold on level 2 of the Dungeon)
 G - an amulet of guardian spirit
   (You found it on level 4 of the Dungeon)
 L - a ring of flight (right hand)
   (You found it on level 7 of the Dungeon)
 Q - the ring "Orphed" {rC+++ Will- MP+9 Str-5 Stlth+}
   (You found it in a Gauntlet)

   [ring of magical power]

   Str:       It affects your strength (-5).
   rC:        It renders you almost immune to cold.
   MP:        It affects your magic capacity (+9).
   Will:      It decreases your willpower.
   Stlth:     It makes you more stealthy.
Wands
 s - a wand of roots (17)
   (You found it on level 6 of the Dungeon)
 x - a wand of light (12)
   (You took it off Dowan on level 4 of the Dungeon)
 B - a wand of flame (19)
   (You found it on level 5 of the Dungeon)
 D - a wand of charming (24)
   (You found it on level 6 of the Dungeon)
 H - a wand of digging (9)
   (You found it on level 8 of the Dungeon)
Scrolls
 c - 3 scrolls of teleportation {@r4}
 d - 3 scrolls of poison
 m - a scroll of silence {!r}
 I - 2 scrolls of amnesia
 M - 2 scrolls of identify {@r1}
 N - a scroll of blinking {!r}
 O - a scroll of vulnerability {!r!r}
 P - a scroll of butterflies
 R - a scroll of fog
Potions
 b - 3 potions of magic
 e - 4 potions of flight
 h - 2 potions of heal wounds {@q2}
 i - 4 potions of mutation {!q}
 k - 5 potions of curing {@q1}
 p - 2 potions of resistance
 r - 2 potions of haste {@q3}
 t - 3 potions of lignification {!q}
 v - 2 potions of degeneration {!q}
 z - 2 potions of berserk rage {!q}
 J - 2 potions of attraction {!q}
Miscellaneous
 f - a box of beasts
   (You found it in a Gauntlet)

Dungeon Overview and Level Annotations

Branches:
Dungeon (11/15) Zot: 25968  Temple (1/1) D:4 Zot: 5978    Lair (1/5) D:10 Zot: 5956
    Orc (0/2) D:11        Gauntlet (1/1) Zot: 5498

Altars:
Ashenzari
Cheibriados
Dithmenos
Elyvilon
Fedhas
Gozag
Hepliaklqana
Kikubaaqudgha
Makhleb
Nemelex Xobeh
Okawaru
Qazlal
Ru
Sif Muna
Trog
Uskayaw
Vehumet
Wu Jian
Xom
Yredelemnul
Zin
The Shining One
Lugonu

Shops:
D:7 (

Annotations:
D:4 1 runed translucent door, XanderDroid's ghost, amateur TrFi
D:6 2 transporters, 1 exclusion, mrw0lf's ghost, novice MeFi Gauntlet 4 transporters

#≈.......... #...........
###..#########
#8#..#........
###..#.#.#.#.#
#####..#z.#^#.#.
#≈8≈#..#z#^#.#.#
########...#..#©.#^©.#.
#.....@..8.#..#z#z#.#^#
##.##.###...#..#z.#z#^#^
8........8.#..#z#.#z#^#
.....#.#...#..#zz..zzzz
#######.#.#...#..#########
}8[8.8#...#.©.#≈..........
......'.###...#∩.........§
[8[8.8#...#.©.#≈..........
#######.#.#...#..#########


There were no monsters in sight!


Message History

Aiming: Stone Arrow (safe; 1% risk of failure)
Press: ? - help, Shift-Dir - straight line, f - floating eye
Aim: a floating eye (100% to hit)
The stone arrow hits the floating eye!!
You kill the floating eye!
Vehumet accepts your kill.
You feel your power returning. 😎 MP[-1]
You lost 1 mp, and now have 22/25 mp.
Casting: Stone Arrow (safe; 1% risk of failure)
Confirm with . or Enter, or press ? or * to list all spells.
You can't see any susceptible monsters within range! (Use Z to cast anyway.)
Casting: Stone Arrow (safe; 1% risk of failure)
Confirm with . or Enter, or press ? or * to list all spells.
You can't see any susceptible monsters within range! (Use Z to cast anyway.)
You start resting. 😎 MP[+3]
Your mp is fully restored (25).
R - a scroll labelled HYUSHR NUANUI Unknown command.
There is a transporter here.
You pick up a book of Hexes and begin reading...
You add the spells Cause Fear and Discord to your library.
Partly explored, unvisited transporter.
Partly explored, unvisited transporter.
Partly explored, unvisited transporter.
There is a transporter here.
You enter the transporter and appear at another place.
Okay, then.
The flying skull gives a hideous shriek!
You hear a hideous shriek!
As you read the scroll of identify {@r1}, it crumbles to dust.
R - a scroll of fog The flying skull gives a hideous shriek!
You hear a hideous shriek!
As you read the scroll of identify {@r1}, it crumbles to dust.
P - a scroll of butterflies
Okay, then.
You reach down and open the door.
A minotaur comes into view.
It is wielding a +4 broad axe of electrocution, wearing the +5 ring mail of Disappointment {Will+ Int+4} and quivering silver javelins.
The minotaur throws a silver javelin.
The silver javelin pierces through you! 😮 HP[-18]
You take 18 damage, and now have 41/59 hp.
MASSIVE DAMAGE!! (PAUSE)
Casting: Stone Arrow (safe; 1% risk of failure)
Confirm with . or Enter, or press ? or * to list all spells.
Aiming: Petrify (dangerous; 4% risk of failure)
Press: ? - help, Shift-Dir - straight line, f - minotaur
Aim: a minotaur, wielding a +4 broad axe of electrocution, wearing the +5 ring mail of Disappointment {Will+ Int+4} and quivering silver javelins (chance to affect: 0%)
The minotaur resists with almost no effort. 😮 HP[+1] MP[-3]
You lost 3 mp, and now have 22/25 mp.
Casting: Petrify (dangerous; 4% risk of failure)
Confirm with . or Enter, or press ? or * to list all spells.
Aiming: Petrify (dangerous; 4% risk of failure)
Press: ? - help, Shift-Dir - straight line, f/p - minotaur
Aim: a minotaur, wielding a +4 broad axe of electrocution, wearing the +5 ring mail of Disappointment {Will+ Int+4} and quivering silver javelins (chance to affect: 0%)
The minotaur resists with almost no effort. 😮 MP[-4]
You lost 4 mp, and now have 18/25 mp.
Casting: Petrify (dangerous; 4% risk of failure)
Confirm with . or Enter, or press ? or * to list all spells.
Aiming: Petrify (dangerous; 4% risk of failure)
Press: ? - help, Shift-Dir - straight line, f/p - minotaur
Aim: a minotaur, wielding a +4 broad axe of electrocution, wearing the +5 ring mail of Disappointment {Will+ Int+4} and quivering silver javelins (chance to affect: 0%)
The minotaur resists with almost no effort.
The minotaur drinks a potion.
The minotaur flickers and vanishes!
Deactivating autopickup; reactivate with Ctrl-A. 😮 MP[-3]
You lost 3 mp, and now have 15/25 mp.
Aiming: Bolt of Light
Press: ? - help, Shift-Dir - straight line 😮 HP[+1]
A silver javelin appears from out of thin air!
The silver javelin closely misses you. 😮 MP[+1] 😮 MP[+1] 😮 HP[+1] MP[+1] 😮 MP[+1] 😕 HP[+1] 😕 MP[+1] 😕 MP[+1] 😕 HP[+1] MP[+1]
The flying skull gives a hideous shriek!
You hear a bellow! 😕 MP[+1] 😕 HP[+1] MP[+1] 😕 MP[+1]
Your mp is fully restored (25). 😕 HP[+1]
There is a strange disturbance nearby!
Something hits you!
Something gores you but does no damage. 😮 HP[-14]
You take 14 damage, and now have 34/59 hp.
MASSIVE DAMAGE!! (PAUSE)
You fade into invisibility!
Something hits you!!
Ouch! That really hurt!
You die...

Skill      XL: |  1  2  3  4  5  6  7  8  9 10 11 |
---------------+----------------------------------+-----
Earth Magic    | 4 5 6 8 9 10 12 | 12.7
Spellcasting   | 3 4 5 6 8 9 |  9.6
Conjurations   | 1 3 4 5 8 10 12 14 | 14.9
Dodging        | |  1.5
Stealth        | |  2.1
Transmutations | |  0.7

Action                     |  1- 3 |  4- 6 |  7- 9 | 10-12 || total
---------------------------+-------+-------+-------+-------++-------
  Melee: Unarmed           |    13 |    20 |       |    14 ||    47
   Cast: Sandblast         |    53 |    71 |    98 |    57 ||   279
         Stone Arrow       |       |       |    54 |   187 ||   241
         Fireball          |       |       |       |     2 ||     2
         Petrify           |       |       |       |     3 ||     3
  Evoke: Wand              |       |       |       |     1 ||     1
    Use: Scroll            |     6 |       |    10 |    10 ||    26
         Potion            |       |     2 |       |     2 ||     4
 Armour: Robe              |     9 |    10 |    27 |    45 ||    91
  Dodge: Dodged            |    29 |    41 |   108 |   147 ||   325

Levels and vault maps discovered:
D:1:      dpeg_arrival_central, layout_loops_corners
D:2:      layout_loops_ring, minmay_heptomino_l4, uniq_terence
D:3:      layout_basic, nicolae_sif_muna_little_library, fedhas_altar_2,
          uniq_sigmund, uniq_robin
D:4:      layout_loops_ring, minmay_temple_entry_sparse_star,
          gammafunk_ghost_grave, hex_medium, minmay_misc_feat_ornament,
          uniq_duvessa
D:5:      layout_gridville, pdpol_wu_jian_five_deadly_venoms
D:6:      layout_loops_corners, gammafunk_ghost_hive,
          minmay_fractal_squares_gapless_5, uniq_menkaure,
          uniq_crazy_yiuf_cottage
D:7:      layout_loops_ring, serial_shops, nicolae_shop_overgrown_old_shop
D:8:      layout_rooms, kennysheep_little_box, uniq_joseph
D:9:      minmay_angry_zag, layout_rooms, trog_ov_bears_minmay, minmay_bent
D:10:     kennysheep_kobold_lugonu_temple, layout_gridville, minitemple,
          minmay_gold_behind_fungi
D:11:     layout_grid_maze, minmay_orc_entry_guard_dogs
Temple:   minmay_freezing_vapour_temple
Lair:1:   layout_cave_shapes, gauntlet_entry_generic, hibernation_bobbens
Gauntlet: gammafunk_gauntlet_shortcut [nicolae_gauntlet_arena_blocks,
          gammafunk_gauntlet_arena_grid, gammafunk_gauntlet_arena_open,
          gammafunk_gauntlet_arena_spirals,
          gammafunk_gauntlet_arena_split_diamond,
          nicolae_gauntlet_arena_grate_2,
          nicolae_gauntlet_exit_dead_adventurers]

Notes
Turn   | Place    | Note
-------+----------+-------------------------------------------
     0 | D:1      | kae the Gargoyle Earth Elementalist began the quest for the
                  | Orb.
     0 | D:1      | Reached XP level 1. HP: 10/10 MP: 3/3
     0 | D:1      | magus.rc [v1.11.3]
   103 | D:1      | You add the spells Blink, Manifold Assault and Storm Form
                  | to your library.
   372 | D:1      | Reached skill level 4 in Earth Magic
   372 | D:1      | Reached XP level 2. HP: 13/15 MP: 1/5
   778 | D:1      | Reached XP level 3. HP: 17/19 MP: 2/6
   782 | D:1      | Learned a level 3 spell: Stone Arrow
   785 | D:1      | Learned a level 2 spell: Passwall
   985 | D:2      | Found the +5 robe of Misfortune {Harm *Corrode *Slow EV+5}
  1156 | D:2      | You pick up a book of Maledictions and begin reading...
  1156 | D:2      | You add the spells Anguish and Enfeeble to your library.
  1204 | D:2      | Identified the +2 hand axe of Neohuocoz {drain, MP+9}
  1370 | D:2      | Reached skill level 3 in Spellcasting
  1633 | D:2      | Noticed Terence
  1646 | D:2      | You pick up a book of Cantrips and begin reading...
  1646 | D:2      | You add the spells Necrotise, Summon Small Mammal and
                  | Apportation to your library.
  1749 | D:2      | Reached XP level 4. HP: 24/24 MP: 6/8
  1753 | D:3      | Found a blossoming altar of Fedhas.
  1918 | D:3      | Reached skill level 5 in Earth Magic
  1974 | D:3      | Found a shimmering blue altar of Sif Muna.
  2130 | D:3      | Reached skill level 1 in Conjurations
  2136 | D:3      | Reached XP level 5. HP: 28/28 MP: 1/9
  2260 | D:3      | Noticed Robin
  2354 | D:3      | Killed Robin
  2355 | D:3      | Reached skill level 2 in Conjurations
  2408 | D:3      | Noticed Sigmund
  2439 | D:4      | Found a runed translucent door.
  2439 | D:4      | Noticed XanderDroid's ghost (amateur TrFi)
  2477 | D:4      | Noticed Dowan
  2598 | D:4      | Found a staircase to the Ecumenical Temple.
  2607 | Temple   | Entered the Ecumenical Temple
  2623 | Temple   | Became a worshipper of Vehumet
  2763 | D:4      | You fall into a shaft and drop 2 floors!
  2808 | D:6      | Noticed a phantom
  2811 | D:6      | Killed a phantom
  2812 | D:6      | Reached skill level 3 in Conjurations
  2812 | D:6      | Reached XP level 6. HP: 32/32 MP: 7/11
  2975 | D:6      | Noticed an ice beast
  2979 | D:6      | Killed an ice beast
  2980 | D:6      | Reached skill level 4 in Spellcasting
  2980 | D:6      | Reached skill level 4 in Conjurations
  2980 | D:6      | Reached skill level 6 in Earth Magic
  2980 | D:6      | Reached XP level 7. HP: 36/36 MP: 7/13
  3052 | D:5      | Entered Level 5 of the Dungeon
  3153 | D:5      | Reached skill level 5 in Conjurations
  3157 | D:5      | Reached * piety under Vehumet
  3157 | D:5      | Offered knowledge of Foxfire by Vehumet.
  3468 | D:5      | Reached XP level 8. HP: 39/41 MP: 12/15
  3504 | D:5      | Reached skill level 6 in Conjurations
  3551 | D:4      | Reached skill level 7 in Earth Magic
  3789 | D:4      | Noticed Duvessa
  3968 | D:3      | Killed Sigmund
  3969 | D:3      | Reached skill level 5 in Spellcasting
  4233 | D:2      | Killed Terence
  4313 | D:4      | Killed Duvessa
  4314 | D:4      | Reached skill level 7 in Conjurations
  4501 | D:4      | Killed Dowan
  5202 | D:5      | Found an ornate altar of the Wu Jian Council.
  5233 | D:5      | Learned a level 4 spell: Petrify
  5275 | D:6      | Noticed Menkaure
  5280 | D:5      | Killed Menkaure
  5357 | D:6      | Reached skill level 8 in Conjurations
  5357 | D:6      | Reached skill level 8 in Earth Magic
  5357 | D:6      | Reached XP level 9. HP: 41/45 MP: 1/17
  5851 | D:6      | Reached skill level 6 in Spellcasting
  6267 | D:6      | Found a runed translucent door.
  6268 | D:6      | Noticed Crazy Yiuf
  6361 | D:6      | Found a transporter.
  6364 | D:6      | Reached skill level 9 in Conjurations
  6382 | D:6      | Found a transporter.
  6382 | D:6      | Noticed mrw0lf's ghost (novice MeFi)
  6401 | D:6      | You pick up a book of Fire and begin reading...
  6401 | D:6      | You add the spells Foxfire, Fireball and Starburst to your
                  | library.
  6416 | D:6      | Noticed a queen bee
  6632 | D:6      | Killed Crazy Yiuf
  6686 | D:7      | Reached ** piety under Vehumet
  6686 | D:7      | Offered knowledge of Searing Ray by Vehumet.
  6757 | D:7      | Reached skill level 9 in Earth Magic
  6978 | D:7      | Reached skill level 10 in Conjurations
  7044 | D:7      | Reached XP level 10. HP: 50/50 MP: 17/20
  7223 | D:7      | Found Genoi's Antique Weapon Shoppe.
  7225 | D:7      | You pick up a book of Flames and begin reading...
  7225 | D:7      | You add the spells Inner Flame, Sticky Flame and Flame Wave
                  | to your library.
  7450 | D:7      | You pick up a book of the Hunter and begin reading...
  7450 | D:7      | You add the spells Call Canine Familiar, Portal Projectile
                  | and Leda's Liquefaction to your library.
  7617 | D:7      | Reached skill level 7 in Spellcasting
  8019 | D:8      | Noticed Joseph
  8026 | D:8      | Killed Joseph
  8026 | D:8      | Offered knowledge of Ignite Poison by Vehumet.
  8033 | D:8      | Reached skill level 11 in Conjurations
  8096 | D:8      | Reached *** piety under Vehumet
  8097 | D:8      | Reached skill level 10 in Earth Magic
  8162 | D:8      | Found a shimmering altar of Xom.
  8236 | D:8      | You pick up a book of Debilitation and begin reading...
  8236 | D:8      | You add the spells Slow, Vampiric Draining and Confusing
                  | Touch to your library.
  8435 | D:9      | Noticed a two-headed ogre
  8440 | D:9      | Killed a two-headed ogre
  8508 | D:9      | Noticed a wizard
  8511 | D:9      | Killed a wizard
  8512 | D:9      | Reached skill level 12 in Conjurations
  8539 | D:9      | Noticed a centaur warrior
  8542 | D:9      | Reached skill level 8 in Spellcasting
  8542 | D:9      | Reached XP level 11. HP: 54/54 MP: 13/23
  8550 | D:9      | Offered knowledge of Olgreb's Toxic Radiance by Vehumet.
  8638 | D:9      | Reached skill level 11 in Earth Magic
  8737 | D:9      | Identified the +0 ring mail of the Aged Deaths {rCorr}
  8747 | D:9      | Killed a centaur warrior
  8985 | D:9      | Found a bloodstained altar of Trog.
  9147 | D:10     | Entered Level 10 of the Dungeon
  9194 | D:10     | Reached skill level 13 in Conjurations
  9309 | D:10     | Found a staircase to the Lair.
  9598 | D:10     | Found a corrupted altar of Lugonu.
  9700 | D:10     | Noticed a two-headed ogre
  9704 | D:10     | Killed a two-headed ogre
  9800 | D:10     | Learned a level 5 spell: Fireball
  9971 | D:10     | Identified +0 pearl dragon scales
  9973 | D:10     | Found a hide-covered altar of Uskayaw.
  9983 | D:10     | Found a shadowy altar of Dithmenos.
 10117 | D:11     | Found a staircase to the Orcish Mines.
 10125 | D:11     | Reached skill level 9 in Spellcasting
 10127 | D:11     | Reached **** piety under Vehumet
 10135 | D:11     | Offered knowledge of Lee's Rapid Deconstruction by Vehumet.
 10136 | D:11     | Reached skill level 12 in Earth Magic
 10210 | D:11     | You pick up a book of Party Tricks and begin reading...
 10222 | D:11     | Reached skill level 14 in Conjurations
 10306 | D:11     | Identified the +4 flail of Humah {holy, Contam rF- Dex+7
                  | SInv}
 10391 | D:11     | Noticed a boulder beetle
 10412 | D:11     | Killed a boulder beetle
 10413 | D:11     | Reached XP level 12. HP: 20/59 MP: 20/25
 10895 | D:11     | Noticed a boulder beetle
 10902 | D:11     | Killed a boulder beetle
 11087 | D:11     | Learned a level 5 spell: Lee's Rapid Deconstruction
 11118 | Lair:1   | Entered Level 1 of the Lair of Beasts
 11153 | Lair:1   | Found a gate leading to a gauntlet.
 11162 | Gauntlet | Entered a Gauntlet
 11162 | Gauntlet | Noticed a death scarab
 11162 | Gauntlet | Found a transporter.
 11162 | Gauntlet | Found a transporter.
 11162 | Gauntlet | Found a transporter.
 11163 | Gauntlet | Noticed a death scarab
 11169 | Gauntlet | Found a transporter.
 11172 | Gauntlet | Found a transporter.
 11183 | Gauntlet | Found a transporter.
 11189 | Gauntlet | Found a transporter.
 11197 | Gauntlet | Found a transporter.
 11204 | Gauntlet | Found a transporter.
 11221 | Gauntlet | Found a transporter.
 11232 | Gauntlet | Found a transporter.
 11246 | Gauntlet | Found a transporter.
 11592 | Gauntlet | Identified the ring "Orphed" {rC+++ Will- MP+9 Str-5
                  | Stlth+}
 11603 | Gauntlet | Paralysed by a floating eye for 2 turns
 11617 | Gauntlet | You pick up a book of Hexes and begin reading...
 11617 | Gauntlet | You add the spells Cause Fear and Discord to your library.
 11636 | Gauntlet | Identified the +5 ring mail of Disappointment {Will+ Int+4}
 11636 | Gauntlet | Noticed a minotaur
 11660 | Gauntlet | Slain by a minotaur

Vanquished Creatures
  A centaur warrior (D:9)
  2 two-headed ogres
  2 boulder beetles (D:11)
  A sixfirhy (Gauntlet)
  A wizard (D:9)
  Joseph (D:8)
  A black mamba (Lair:1)
  2 gargoyles (D:10)
  A cane toad (Lair:1)
  An eye of devastation (Gauntlet)
  3 kobold demonologists (D:10)
  2 trolls (D:9)
  3 flying skulls (Gauntlet)
  A shadow (D:11)
  Sigmund (D:3)
  4 wraiths (D:11)
  3 wyverns
  2 vampires (D:11)
  A large abomination (Gauntlet)
  7 yaks
  3 steam dragons
  Menkaure (D:5)
  4 wargs (D:11)
  Duvessa (D:4)
  A floating eye (Gauntlet)
  3 water moccasins
  2 orc warriors
  2 sky beasts (D:8)
  7 ice beasts
  4 small abominations (Gauntlet)
  2 black bears (D:9)
  2 ogres
  4 centaurs
  2 phantoms
  3 kobold brigands
  6 bullfrogs
  2 gnoll sergeants (D:9)
  4 necrophages
  2 scorpions
  4 wights
  Dowan (D:4)
  6 killer bees (D:10)
  6 howler monkeys
  A jelly (D:8)
  2 orc priests
  Crazy Yiuf (D:6)
  6 hounds
  2 gnoll boudas
  Terence (D:2)
  3 iguanas
  7 orc wizards
  Robin (D:3)
  12 gnolls
  5 adders
  2 shadow imps
  3 ufetubi (Gauntlet)
  2 worms
  4 dart slugs
  37 orcs
  6 endoplasms
  3 giant cockroaches
  18 goblins
  11 hobgoblins
  A quokka (D:3)
  4 ball pythons
  2 bats
  5 frilled lizards
  13 kobolds
  2 rats (D:2)
266 creatures vanquished.

Vanquished Creatures (others)
  5 demonic plants (D:10)
  4 plants (D:7)
  4 toadstools (D:10)
13 creatures vanquished.

Grand Total: 279 creatures vanquished

Table legend:
 A = Non-vault XP
 B = Vault XP
 C = Vault XP percentage of total XP
 D = Non-vault monster count
 E = Vault monster count
 F = Vault count percentage of total count
                 A         B        C        D         E       F
            +---------+---------+-------+---------+---------+-------
      Total |   13859 |    9718 |  41.2 |     204 |      62 |  23.3
            +---------+---------+-------+---------+---------+-------
        D:1 |      34 |       0 |   0.0 |      18 |       0 |   0.0
        D:2 |      53 |      42 |  44.2 |      14 |       5 |  26.3
        D:3 |      83 |     251 |  75.1 |      17 |      14 |  45.2
        D:4 |     180 |     214 |  54.3 |       8 |       2 |  20.0
        D:5 |     753 |     172 |  18.6 |      21 |       1 |   4.5
        D:6 |    1650 |     491 |  22.9 |      32 |       5 |  13.5
        D:7 |    1199 |       0 |   0.0 |      28 |       0 |   0.0
        D:8 |    1120 |     498 |  30.8 |      19 |       1 |   5.0
        D:9 |    1835 |    3698 |  66.8 |      15 |      13 |  46.4
       D:10 |    2812 |    1111 |  28.3 |      20 |       3 |  13.0
       D:11 |    3126 |     659 |  17.4 |       9 |       4 |  30.8
     Lair:1 |    1014 |       0 |   0.0 |       3 |       0 |   0.0
   Gauntlet |       0 |    2582 | 100.0 |       0 |      14 | 100.0
            +---------+---------+-------+---------+---------+-------

Illustrated notes

Table legend:
 A = Kills in this place as a percentage of kills in entire the game.
 B = Kills by you in this place as a percentage of kills by you in the entire game.
 C = Kills by friends in this place as a percentage of kills by friends in the entire game.
 D = Other kills in this place as a percentage of other kills in the entire game.
 E = Experience gained in this place as a percentage of experience gained in the entire game.
 F = Experience gained in this place divided by the number of levels of this place that you have seen.
                   A       B       C       D       E      F
               +-------+-------+-------+-------+-------+----------------------
         Total | 100.0 | 100.0 |   N/A |   N/A | 100.0 | 1684.1
       Dungeon |  93.6 |  93.6 |   N/A |   N/A |  84.7 | 1816.5
          Lair |   1.1 |   1.1 |   N/A |   N/A |   4.3 | 1014.0
      Gauntlet |   5.3 |   5.3 |   N/A |   N/A |  11.0 | 2582.0
               +-------+-------+-------+-------+-------+----------------------

Table legend: (Time is in decaauts)
 A = Elapsed time spent in this place.
 B = Non-inter-level travel time spent in this place.
 C = Inter-level travel time spent in this place.
 D = Time resting spent in this place.
 E = Time spent auto-exploring this place.
 F = Levels seen in this place.
 G = Mean time per level.
                   A        B        C        D        E       F      G
               +--------+--------+--------+--------+--------+-----+--------+
         Total |  11808 |  11363 |    445 |   1142 |   8582 |  14 |  843.4 |
       Dungeon |  11242 |  10803 |    439 |   1092 |   8298 |  11 | 1022.0 |
        Temple |     21 |     16 |      5 |      0 |     11 |   1 |   21.0 |
          Lair |     43 |     43 |      0 |      0 |     15 |   1 |   43.0 |
      Gauntlet |    500 |    500 |      0 |     50 |    258 |   1 |  500.0 |
               +--------+--------+--------+--------+--------+-----+--------+

Top non-repeatable levels by time:
     D:6: 1827 daAuts
     D:5: 1174 daAuts
     D:4: 1078 daAuts
     D:7: 1035 daAuts
    D:11: 1022 daAuts
     D:1: 969 daAuts
    D:10: 957 daAuts
     D:3: 909 daAuts
     D:2: 899 daAuts
     D:9: 790 daAuts
     D:8: 579 daAuts
Gauntlet: 500 daAuts
  Lair:1: 43 daAuts
  Temple: 21 daAuts
